 Dungeon Crawl Stone Soup version 0.19.4 (webtiles) character file.

20475 JeffiDaFish the Tainter (level 12, -4/88 HPs)
             Began as a Demonspawn Venom Mage on Jan 31, 2017.
             Was an Elder of Vehumet.
             Slain by a death yak (18 damage)
             ... on level 3 of the Lair of Beasts on Feb 1, 2017.
             The game lasted 01:35:26 (15914 turns).

JeffiDaFish the Tainter (Demonspawn Venom Mage)    Turns: 15914, Time: 01:35:26

Health: -4/88      AC: 12    Str: 11    XL:     12   Next: 45%
Magic:  13/24      EV: 18    Int: 18    God:    Vehumet [****..]
Gold:   850        SH:  0    Dex: 17    Spells: 6 memorised, 5 levels left

rFire  . . .     SeeInvis .     y - +5 whip (venom)
rCold  + . .     Gourm    .     C - +1 leather armour "Raih" {+Inv Stlth+}
rNeg   . . .     Faith    .     (no shield)
rPois  .         Spirit   .     (helmet restricted)
rElec  .         Reflect  .     h - +1 cloak
rCorr  .         Harm     .     v - +0 pair of gloves
MR     .....                    I - +0 pair of boots
Stlth  +++.......               t - amulet of magic regeneration
                                d - ring of stealth
                                x - +3 ring of evasion

@: confused
A: beak, talons 1, icy blue scales 3, agile 1, blurry vision 1, spiny 2
a: Renounce Religion, Evoke Invisibility


You were on level 3 of the Lair of Beasts.
You worshipped Vehumet.
Vehumet was greatly pleased with you.
You were not hungry.

You visited 3 branches of the dungeon, and saw 15 of its levels.
You also visited: Ossuary.

You collected 1046 gold pieces.
You spent 196 gold pieces at shops.

Inventory:

Hand Weapons
 y - a +5 whip of venom (weapon)
Armour
 h - a +1 cloak (worn)
 v - a +0 pair of gloves (worn)
 A - the +3 ring mail "Kigimiv" {Stlth+}
   (You found it on level 7 of the Dungeon)

   It makes you more stealthy.
 C - the +1 leather armour "Raih" (worn) {+Inv Stlth+}
   (You found it on level 2 of the Lair of Beasts)

   It lets you turn invisible.
   It makes you more stealthy.
 I - a +0 pair of boots (worn)
Jewellery
 d - a ring of stealth (right hand)
 t - an amulet of magic regeneration (around neck)
 x - a +3 ring of evasion (left hand)
Scrolls
 e - 4 scrolls of magic mapping
 f - 4 scrolls of identify
 g - 9 scrolls of remove curse
 i - 2 scrolls of amnesia
 p - a scroll of teleportation
 q - a scroll of recharging
Potions
 j - 3 potions of cancellation
 s - a potion of brilliance
 u - a potion of ambrosia
Books
 b - a Young Poisoner's Handbook

   Spells                             Type                      Level
   a - Sting                          Conjuration/Poison           1
   b - Mephitic Cloud                 Conjuration/Poison/Air       3
   c - Olgreb's Toxic Radiance        Poison                       4
   d - Alistair's Intoxication        Transmutation/Poison         5
   e - Venom Bolt                     Conjuration/Poison           5
 D - a book of Necromancy

   Spells                             Type                      Level
   a - Pain                           Necromancy                   1
   b - Animate Skeleton               Necromancy                   1
   c - Vampiric Draining              Necromancy                   3
   d - Regeneration                   Charms/Necromancy            3
   e - Animate Dead                   Necromancy                   4
   f - Control Undead                 Necromancy                   4
Comestibles
 c - 8 bread rations
 k - 8 meat rations
 l - 3 beef jerkies
 w - 25 fruits


   Skills:
 + Level 6.2 Fighting
   Level 3.1 Short Blades
 * Level 6.3 Maces & Flails
 + Level 5.9 Dodging
 + Level 6.6 Stealth
 * Level 8.4 Spellcasting
 + Level 6.1 Conjurations
 * Level 6.1 Necromancy
 + Level 4.8 Air Magic
 * Level 9.8 Poison Magic


You had 5 spell levels left.
You knew the following spells:

 Your Spells              Type           Power        Failure   Level  Hunger
a - Sting                 Conj/Pois      ####         1%          1    None
b - Mephitic Cloud        Conj/Pois/Air  ####....     1%          3    None
c - Olgreb's Toxic Radia  Pois           #####...     1%          4    ###....
d - Venom Bolt            Conj/Pois      #####.....   4%          5    #####..
e - Animate Dead          Necr           N/A          12%         4    ###....
f - Bolt of Draining      Conj/Necr      ####......   9%          5    #####..


Dungeon Overview and Level Annotations

Branches:
Dungeon (11/15)            Temple (1/1) D:6            Lair (3/6) D:11
    Orc (0/2) D:10
  Swamp: Lair:2-4    Shoals: Lair:2-4     Snake: Lair:2-4    Spider: Lair:2-4

Altars:
Dithmenos
Elyvilon
Fedhas
Hepliaklqana
Makhleb
Nemelex Xobeh
Ru
Sif Muna
Trog
Vehumet
Yredelemnul

Shops:
D:4 *:[(

Annotations:
D:11 fractal's ghost, journeyman HOFi


Innate Abilities, Weirdness & Mutations

You have sharp toenails.
You are completely covered in icy blue scales. (AC +4, rC+)
You are mostly covered in sharp spines.
You have a beak for a mouth.
You are agile. (Dex +2)
Scrolls take you a little longer to read.


Message History

The yak is engulfed in noxious fumes.
The yak appears confused.
The death yak is engulfed in noxious fumes.
The death yak gores you.
* * * LOW HITPOINT WARNING * * *
The yak is engulfed in noxious fumes.
The yak appears confused.
The death yak is engulfed in noxious fumes.
The death yak gores you.
* * * LOW HITPOINT WARNING * * *
There is an escape hatch in the floor here.
The death yak gores you!
* * * LOW HITPOINT WARNING * * *
You slide downwards.
The hatch slams shut behind you.
You feel a wave of frost pass over you.
There is an entrance to an ice cave on this level.
Hurry and find it before the portal melts!
Found 8 gold pieces and a robe.
Found a stone staircase leading down.
You are confused.
You feel invigorated.
The death yak gores you but does no damage.
The death yak gores you!!
You die...

.........>#
#...P.P...#.
#...........
.........P.
.....[..P.
.........
##........
#@Y.......
##.....$P.
#P......P#
#.........
##...##P#.
....# #
..... ......
......P.


You could see a death yak.

Vanquished Creatures
  Snorg (D:10)
  Josephine (D:11)
  4 death yaks (Lair:2)
  3 unseen horrors
  3 hill giants
  A gargoyle (D:10)
  3 spiny frogs
  4 polar bears (Lair:1)
  13 blink frogs (Lair:1)
  3 hippogriffs
  4 wraiths (D:11)
  A wyvern (D:10)
  A basilisk (Lair:2)
  5 yaks
  4 vampire mosquitoes (D:10)
  A hungry ghost (D:11)
  A mottled dragon (D:11)
  5 water moccasins
  3 phantoms
  3 porcupines (Lair:1)
  4 ice beasts
  2 orc warriors
  5 black bears
  6 ogres
  5 centaurs
  2 crocodiles
  A big kobold (D:9)
  An elf zombie (Ossuary)
  6 bullfrogs
  A water moccasin skeleton (D:6)
  8 killer bees (D:7)
  3 scorpions (D:7)
  4 wights (D:10)
  A howler monkey (D:10)
  3 crimson imps
  2 quasits
  6 centaur zombies (Ossuary)
  7 hounds
  5 human zombies (Ossuary)
  A jelly (D:8)
  8 orc priests
  2 centaur skeletons
  6 iguanas
  Ijyb (D:3)
  Crazy Yiuf (D:7)
  Jessica (D:3)
  14 worker ants
  12 orc wizards
  A killer bee zombie (D:10)
  A hound skeleton (D:10)
  4 mummies
  6 gnolls (D:6)
  14 adders
  2 adder skeletons
  3 dart slugs
  7 leopard geckos
  78 orcs
  7 bats
  A giant cockroach (D:3)
  6 goblins
  6 hobgoblins
  11 jackals
  5 quokkas
  4 frilled lizards
  11 kobolds
  A leopard gecko skeleton (D:6)
  A quokka skeleton (D:10)
  5 rats
356 creatures vanquished.

Vanquished Creatures (others)
  An orc (D:9)
  A bush (Lair:2)
  4 fungi
  A plant (Lair:2)
7 creatures vanquished.

Grand Total: 363 creatures vanquished

Notes
Turn   | Place    | Note
-------+----------+-------------------------------------------
     0 | D:1      | JeffiDaFish the Demonspawn Venom Mage began the quest for the Orb.
     0 | D:1      | Reached XP level 1. HP: 13/13 MP: 3/3
   765 | D:1      | Gained mutation: You are partially covered in sharp spines. [demonic ancestry]
   765 | D:1      | Reached XP level 2. HP: 19/19 MP: 1/5
  1520 | D:2      | Found a white marble altar of Elyvilon.
  1647 | D:2      | Reached XP level 3. HP: 11/24 MP: 1/6
  2360 | D:3      | Noticed Ijyb
  2374 | D:3      | Killed Ijyb
  2374 | D:3      | Reached skill level 1 in Conjurations
  2374 | D:3      | Gained mutation: You are mostly covered in sharp spines. [demonic ancestry]
  2374 | D:3      | Reached XP level 4. HP: 18/31 MP: 3/7
  2528 | D:3      | Learned a level 3 spell: Mephitic Cloud
  2886 | D:3      | Noticed Jessica
  2898 | D:3      | Killed Jessica
  2898 | D:3      | Reached skill level 1 in Fighting
  2898 | D:3      | Gained mutation: You are partially covered in icy blue scales. (AC +2) [demonic ancestry]
  2898 | D:3      | Reached XP level 5. HP: 34/37 MP: 1/9
  3044 | D:3      | Reached skill level 5 in Poison Magic
  3058 | D:3      | Reached skill level 1 in Short Blades
  3256 | D:4      | Found Mirurgh's Antique Armour Shoppe.
  3266 | D:4      | Reached XP level 6. HP: 43/43 MP: 4/10
  3346 | D:4      | Reached skill level 1 in Air Magic
  3603 | D:4      | Found Neokkap's Book Shoppe.
  3889 | D:4      | Found Ixtaperauh's General Store.
  3980 | D:4      | Reached XP level 7. HP: 37/50 MP: 7/12
  4146 | D:4      | Found Rauxif's Weapon Boutique.
  4258 | D:5      | Entered Level 5 of the Dungeon
  4467 | D:4      | Bought a jewelled leather armour for 196 gold pieces
  4477 | D:4      | Identified the +1 leather armour "Gagahech" {Str-2 Dex+9} (You bought it in a shop on level 4 of the Dungeon)
  4691 | D:5      | Found a sand-covered staircase.
  4800 | Ossuary  | Entered an ossuary
  5101 | Ossuary  | Reached skill level 6 in Poison Magic
  5427 | Ossuary  | Reached XP level 8. HP: 18/57 MP: 14/14
  6169 | D:6      | Found a blossoming altar of Fedhas.
  6444 | D:6      | Reached skill level 5 in Spellcasting
  6696 | D:6      | Found a staircase to the Ecumenical Temple.
  6703 | Temple   | Entered the Ecumenical Temple
  6709 | Temple   | Became a worshipper of Vehumet
  6948 | D:6      | Found a shadowy altar of Dithmenos.
  6949 | D:6      | Found a deep blue altar of Sif Muna.
  7059 | D:7      | Reached XP level 9. HP: 61/64 MP: 16/16
  7135 | D:7      | Reached skill level 7 in Poison Magic
  7168 | D:7      | Reached skill level 1 in Maces & Flails
  7183 | D:7      | Got a warped ring mail
  7194 | D:7      | Identified the +3 ring mail "Kigimiv" {Stlth+} (You found it on level 7 of the Dungeon)
  7419 | D:7      | Got a fine scale mail
  7433 | D:7      | Identified the +6 scale mail of Limited Liability {Str+8 Int-2 Slay+2 SInv} (You found it on level 7 of the Dungeon)
  7639 | D:7      | Reached * piety under Vehumet
  7639 | D:7      | Offered knowledge of Magic Dart by Vehumet.
  7937 | D:7      | Found a runed door.
  7941 | D:7      | Noticed Crazy Yiuf
  7949 | D:7      | Killed Crazy Yiuf
  8204 | D:7      | Reached skill level 5 in Stealth
  8375 | D:8      | Reached ** piety under Vehumet
  8375 | D:8      | Offered knowledge of Throw Flame by Vehumet.
  8483 | D:8      | Killed an unseen horror
  8483 | D:8      | Reached skill level 8 in Poison Magic
  8483 | D:8      | Gained mutation: You have sharp toenails. [demonic ancestry]
  8483 | D:8      | Reached XP level 10. HP: 21/71 MP: 19/19
  8669 | D:8      | Found a flagged portal.
  9119 | D:8      | Learned a level 4 spell: Olgreb's Toxic Radiance
  9125 | D:8      | Learned a level 5 spell: Venom Bolt
  9177 | D:8      | Identified the +1 robe of Tyluhim {-Tele rF+++ rCorr Dex-2} (You found it on level 8 of the Dungeon)
  9228 | D:8      | Found a hazy altar of Hepliaklqana.
  9696 | D:9      | Offered knowledge of Inner Flame by Vehumet.
  9827 | D:9      | Reached *** piety under Vehumet
  9853 | D:10     | Entered Level 10 of the Dungeon
  9871 | D:10     | Offered knowledge of Throw Icicle by Vehumet.
 10058 | D:10     | Reached **** piety under Vehumet
 10074 | D:10     | Found a staircase to the Orcish Mines.
 10125 | D:10     | Gained mutation: You have a beak for a mouth. [potion of mutation]
 10125 | D:10     | Gained mutation: Scrolls take you a little longer to read. [potion of mutation]
 10125 | D:10     | Gained mutation: You are agile. (Dex +2) [potion of mutation]
 10137 | D:10     | Learned a level 4 spell: Animate Dead
 10149 | D:10     | Offered knowledge of Bolt of Draining by Vehumet.
 10157 | D:10     | Learned a level 5 spell: Bolt of Draining
 10210 | D:10     | Noticed Snorg
 10233 | D:10     | Killed Snorg
 10233 | D:10     | Reached skill level 1 in Necromancy
 10678 | D:10     | Reached skill level 5 in Conjurations
 10817 | D:10     | Noticed a gargoyle
 10862 | D:10     | Killed an unseen horror
 10862 | D:10     | Gained mutation: You are mostly covered in icy blue scales. (AC +3) [demonic ancestry]
 10862 | D:10     | Reached XP level 11. HP: 63/78 MP: 20/22
 10900 | D:10     | Reached skill level 5 in Fighting
 10904 | D:10     | Noticed a hill giant
 10910 | D:10     | Killed a hill giant
 10910 | D:10     | Reached skill level 5 in Dodging
 11571 | D:11     | Noticed a hill giant
 11581 | D:11     | Killed a hill giant
 11885 | D:11     | Found a staircase to the Lair.
 11892 | D:11     | Noticed fractal's ghost (journeyman HOFi)
 11942 | D:11     | Reached skill level 9 in Poison Magic
 12016 | D:11     | Noticed Josephine
 12555 | D:11     | Killed Josephine
 12596 | D:11     | HP: 1/80 [fractal's ghost (13)]
 12805 | D:10     | Killed an unseen horror
 12805 | D:10     | Reached skill level 5 in Maces & Flails
 13377 | Lair:1   | Entered Level 1 of the Lair of Beasts
 13406 | Lair:1   | Noticed a hill giant
 13424 | Lair:1   | Killed a hill giant
 13968 | Lair:1   | Reached skill level 5 in Necromancy
 13981 | Lair:1   | Gained mutation: You are completely covered in icy blue scales. (AC +4, rC+) [demonic ancestry]
 13981 | Lair:1   | Reached XP level 12. HP: 77/87 MP: 24/24
 14305 | Lair:1   | Reached ***** piety under Vehumet
 14312 | Lair:1   | Offered knowledge of Fireball by Vehumet.
 15004 | Lair:2   | Identified the cursed +1 leather armour "Raih" {+Inv Stlth+} (You found it on level 2 of the Lair of Beasts)
 15312 | Lair:2   | Noticed a death yak
 15312 | Lair:2   | Noticed a death yak
 15312 | Lair:2   | Noticed a death yak
 15314 | Lair:2   | Noticed a death yak
 15314 | Lair:2   | Noticed a death yak
 15334 | Lair:2   | Killed a death yak
 15338 | Lair:2   | Killed a death yak
 15873 | Lair:2   | Killed a death yak
 15898 | Lair:2   | Killed a death yak
 15914 | Lair:3   | Slain by a death yak

Skill      XL: |  1  2  3  4  5  6  7  8  9 10 11 12 |
---------------+-------------------------------------+-----
Stealth        | 2 3 4 5 6 |  6.6
Conjurations   | 1 2 3 4 5 6 |  6.1
Fighting       | 1 2 3 4 5 6 |  6.2
Poison Magic   | 5 6 8 9 |  9.8
Short Blades   | 1 2 3 |  3.1
Spellcasting   | 3 4 5 6 7 8 |  8.4
Dodging        | 2 3 4 5 |  5.9
Air Magic      | 1 2 3 4 |  4.8
Maces & Flails | 2 4 5 6 |  6.3
Necromancy     | 2 5 6 |  6.1

Action                   |  1- 3 |  4- 6 |  7- 9 | 10-12 || total
-------------------------+-------+-------+-------+-------++-------
Melee: Unarmed           |     8 |       |       |       ||     8
       Dagger            |    29 |    87 |   289 |       ||   405
       Whip              |       |       |   130 |   486 ||   616
       Kick              |       |       |       |    25 ||    25
       Peck              |       |       |       |    82 ||    82
 Cast: Sting             |    46 |    46 |    53 |    43 ||   188
       Mephitic Cloud    |       |    11 |    19 |    53 ||    83
       Venom Bolt        |       |       |       |    34 ||    34
       Olgreb's Toxic Ra |       |       |       |    12 ||    12
       Bolt of Draining  |       |       |       |     9 ||     9
       Animate Dead      |       |       |       |     1 ||     1
  Use: Scroll            |     7 |     2 |     5 |    19 ||    33
       Potion            |     4 |       |    10 |    11 ||    25
 Stab: Sleeping          |     4 |     1 |     7 |     2 ||    14
       Confused          |       |     4 |    16 |    19 ||    39
       Distracted        |       |       |     1 |       ||     1
  Eat: Chunk             |     5 |     7 |     9 |    23 ||    44
       Bread ration      |       |       |     1 |       ||     1
       Beef jerky        |       |       |     1 |     2 ||     3
       Fruit             |       |       |       |     5 ||     5
       Royal jelly       |       |       |       |     3 ||     3
       Meat ration       |       |       |       |     1 ||     1
Armor: Leather armour    |     9 |    15 |    74 |     5 ||   103
       Robe              |     1 |       |       |       ||     1
       Ring mail         |       |       |    37 |   139 ||   176
       Skin              |       |       |     3 |     2 ||     5
Dodge: Dodged            |    22 |    36 |   203 |   232 ||   493
